 Dungeon Crawl Stone Soup version 0.30-a0-778-g2ef04afb54 (webtiles) character file.

Game seed: 2119495319655357689

1558 M4edhros the Charlatan (level 8, -11/81 HPs)
             Began as an Octopode Artificer on Feb 15, 2023.
             Was a Priest of Cheibriados.
             Mangled by Duvessa
             ... wielding a +3 short sword of electrocution
              (17 damage)
             ... on level 6 of the Dungeon.
             The game lasted 00:15:34 (2765 turns).

M4edhros the Charlatan (Octopode Artificer)         Turns: 2765, Time: 00:15:34

Health: -11/81     AC:  1    Str: 18    XL:     8   Next: 88%
Magic:  8/8        EV: 16    Int: 20    God:    Cheibriados [***...]
Gold:   10         SH:  0    Dex: 22    Spells: 7/7 levels left

rFire   . . .      SeeInvis .      - Unarmed
rCold   . . .      Faith    .    (no shield)
rNeg    . . .      Spirit   .    (helmet restricted)
rPois   .          Reflect  .    e - amulet of regeneration
rElec   .          Harm     .    u - ring of flight
rCorr   .          Rampage  .    (no ring)
Will    .....                    (no ring) Stlth
                                 (no ring)
HPRegen 1.13/turn                (no ring)
MPRegen 0.11/turn                (no ring)
                                 (no ring)
                                 (no ring)

@: berserking, flying, very slow
A: almost no armour, amphibious, 8 rings, camouflage 1, gelatinous body 1,
(nimble swimmer 1), tentacles
a: Renounce Religion, Bend Time, Temporal Distortion


You were on level 6 of the Dungeon.
You worshipped Cheibriados.
Cheibriados was most pleased with you.
You visited 2 branches of the dungeon, and saw 7 of its levels.

You collected 348 gold pieces.
You spent 338 gold pieces at shops.

Inventory:

Hand Weapons
 a - the +10 shortbow "Vifa Ypneo" {heavy, Int+2}
   (You bought it in a shop on level 4 of the Dungeon)

   Int:       It affects your intelligence (+2).
 k - a +0 sling
 l - a +0 sling
Missiles
 o - a boomerang of dispersal
 q - 5 javelins
 s - 2 poisoned darts
 x - 2 throwing nets
Jewellery
 e - an amulet of regeneration (around mantle)
 u - a ring of flight (left tentacle)
 y - an amulet of faith
Wands
 b - a wand of flame (16) (quivered)
 c - a wand of charming (12)
 d - a wand of iceblast (4)
 h - a wand of light (9)
Scrolls
 g - 3 scrolls of teleportation
 i - a scroll of amnesia
 n - a scroll of vulnerability
 t - a scroll of torment
 v - a scroll of fear
 w - a scroll of blinking
 A - a scroll of fog
Potions
 f - 2 potions of berserk rage
 j - 3 potions of might
 m - 2 potions of heal wounds
 p - a potion of experience {unknown}
 r - 3 potions of curing {unknown}
 z - 2 potions of flight {unknown}


   Skills:
 + Level 4.5 Fighting
 + Level 5.1 Dodging
 - Level 1.3 Stealth
 * Level 6.3 Unarmed Combat
 - Level 7.1 Evocations


You had 7 spell levels left.
You didn't know any spells.
Your spell library contained the following spells:

 Spells                   Type           Power      Damage    Failure   Level
 Lesser Beckoning         Tloc           0%         N/A       28%         2
 Gell's Gravitas          Tloc           0%         N/A       50%         3
 Kindle Blastsparks       Fire/Tloc/Air  0%         2d10      50%         3
 Teleport Other           Tloc           0%         N/A       50%         3
 Fulminant Prism          Conj/Hex       0%         3d5       88%         4
 Iskenderun's Mystic Bla  Conj/Tloc      0%         2d3       88%         4
 Lee's Rapid Deconstruct  Erth           0%         3d4*      99%         5


Dungeon Overview and Level Annotations

Branches:
Dungeon (6/15)             Temple (1/1) D:5

Altars:
Ashenzari
Cheibriados
Dithmenos
Elyvilon
Fedhas
Gozag
Hepliaklqana
Kikubaaqudgha
Makhleb
Nemelex Xobeh
Qazlal
Trog
Uskayaw
Vehumet
Wu Jian
Xom
Zin
The Shining One

Shops:
D:4 *!

Annotations:
D:2 1 runed translucent door, Crazy Yiuf
D:6 Blork the orc, Duvessa, Grinder


Innate Abilities, Weirdness & Mutations

You cannot wear most types of armour.
You are amphibious.
You can wear up to eight rings at the same time.
Your skin changes colour to match your surroundings (Stealth+).
Your rubbery body absorbs attacks. (AC +1, EV +1)
((You are camouflaged when in or above water. (Stealth+)))
You have tentacles for arms and can constrict up to eight enemies at once.


Message History

You bludgeon Duvessa! You grab Duvessa. You squeeze Duvessa, but do no damage.
Duvessa is moderately wounded.
You constrict Duvessa. The hound completely misses you.
Dowan hits you but does no damage. Duvessa misses you.
You closely miss the howler monkey. Your grab misses the howler monkey.
You squeeze the howler monkey!!
You kill the howler monkey!
Cheibriados thoroughly appreciates the change of pace.
You constrict Duvessa. The hound closely misses you.
You closely miss the hound. Your grab misses the hound.
Your tentacle-slap misses the hound.
Your squeeze misses the hound.
You constrict Duvessa, but do no damage.
The hound completely misses you. Dowan barely misses you.
Duvessa hits you with a +3 short sword of electrocution!
The hound barely misses you.
You bludgeon the hound! You grab the hound.
The hound is severely wounded.
You constrict Duvessa. You constrict the hound.
Dowan hits you with a +0 dagger.
Duvessa hits you with a +3 short sword of electrocution!
* * * LOW HITPOINT WARNING * * *
You are electrocuted!
* * * LOW HITPOINT WARNING * * *
The hound closely misses you.
You tentacle-slap Duvessa. You squeeze Duvessa.
Duvessa is severely wounded.
You constrict Duvessa. You constrict the hound. The hound barely misses you.
Dowan barely misses you. Duvessa completely misses you.
You tentacle-slap Dowan. You grab Dowan. You squeeze Dowan!
You kill Dowan!
Cheibriados thoroughly appreciates the change of pace.
Duvessa screams in rage.
Duvessa goes berserk!
You constrict Duvessa. You constrict the hound. The hound misses you.
Duvessa hits you with a +3 short sword of electrocution!
* * * LOW HITPOINT WARNING * * *
The hound bites you.
* * * LOW HITPOINT WARNING * * *
Duvessa hits you with a +3 short sword of electrocution!
You die...

### ..
####.#
#....###
#......
#....#####
#.........
#h<†......
#.@e.#....
#...$# .
#....#
######


You could see Duvessa (berserk) and a hound.

Vanquished Creatures
  An ice beast (D:5)
  3 ogres
  A phantom (D:3)
  A bullfrog (D:4)
  3 scorpions
  Dowan (D:6)
  3 howler monkeys
  7 hounds
  An orc priest (D:3)
  A gnoll bouda (D:4)
  2 iguanas (D:5)
  3 orc wizards
  26 gnolls
  2 adders (D:5)
  A white imp (D:5)
  2 worms (D:2)
  2 dart slugs
  19 orcs
  5 endoplasms
  A giant cockroach (D:1)
  7 goblins
  5 hobgoblins
  7 jackals (D:4)
  4 quokkas
  8 ball pythons
  5 bats (D:2)
  3 frilled lizards
  4 kobolds
  10 rats
138 creatures vanquished.

Vanquished Creatures (collateral kills)
  A gnoll (D:4)
  A kobold (D:2)
2 creatures vanquished.

Vanquished Creatures (others)
  A jelly (D:6)
  An adder (D:2)
  2 plants (D:4)
  6 toadstools (D:6)
10 creatures vanquished.

Grand Total: 150 creatures vanquished

Notes
Turn   | Place    | Note
-------+----------+-------------------------------------------
     0 | D:1      | M4edhros the Octopode Artificer began the quest for the
                  | Orb.
     0 | D:1      | Reached XP level 1. HP: 13/13 MP: 1/1
    74 | D:1      | Reached XP level 2. HP: 10/18 MP: 2/2
   102 | D:1      | Reached skill level 4 in Evocations
   310 | D:2      | Reached XP level 3. HP: 23/23 MP: 3/3
   550 | D:3      | Noticed a scorpion
   631 | D:4      | Reached skill level 5 in Evocations
   709 | D:4      | Reached XP level 4. HP: 13/28 MP: 4/4
   833 | D:4      | Reached skill level 6 in Evocations
   833 | D:4      | Reached XP level 5. HP: 19/33 MP: 5/5
   893 | D:5      | Entered Level 5 of the Dungeon
   915 | D:5      | Noticed an ogre
   924 | D:5      | Killed an ogre
   925 | D:5      | Reached skill level 7 in Evocations
   990 | D:5      | Noticed an ogre
   992 | D:5      | Found a staircase to the Ecumenical Temple.
  1008 | Temple   | Entered the Ecumenical Temple
  1015 | Temple   | Became a worshipper of Xom of Chaos
  1018 | Temple   | Fell from the grace of Xom
  1018 | Temple   | Became a worshipper of Cheibriados the Contemplative
  1029 | D:5      | Reached XP level 6. HP: 38/38 MP: 6/6
  1034 | D:5      | Reached skill level 1 in Unarmed Combat
  1037 | D:5      | XOM: confuse monster(s)
  1185 | D:3      | You fall into a shaft and drop 1 floor!
  1185 | D:4      | Found Deddomu's Distillery.
  1189 | D:4      | Found Porep's Assorted Antiques.
  1200 | D:4      | Bought a potion of heal wounds for 65 gold pieces
  1200 | D:4      | Bought a potion of berserk rage for 65 gold pieces
  1220 | D:4      | Reached XP level 7. HP: 45/45 MP: 7/7
  1353 | D:2      | Reached * piety under Cheibriados
  1465 | D:2      | Found a runed translucent door.
  1466 | D:2      | Noticed Crazy Yiuf
  1527 | D:2      | XOM: stat loss: -2 Dex (15/17)
  1994 | D:4      | XOM: chaos upgrade
  2016 | D:4      | Reached ** piety under Cheibriados
  2091 | D:4      | Reached XP level 8. HP: 24/52 MP: 8/8
  2199 | D:4      | Reached skill level 5 in Unarmed Combat
  2210 | D:4      | XOM: confusion (+ monsters)
  2275 | D:4      | Reached *** piety under Cheibriados
  2497 | D:5      | Reached skill level 5 in Dodging
  2567 | D:4      | Bought a bloodstained shortbow for 208 gold pieces
  2567 | D:4      | Identified the +10 shortbow "Vifa Ypneo" {heavy, Int+2}
                  | (You bought it in a shop on level 4 of the Dungeon)
  2631 | D:6      | XOM: noise
  2639 | D:6      | Noticed Blork the orc
  2669 | D:6      | Noticed Grinder
  2752 | D:6      | Noticed Duvessa
  2752 | D:6      | Noticed Dowan
  2765 | D:6      | Killed Dowan
  2765 | D:6      | Mangled by Duvessa

Illustrated notes

Levels and vault maps discovered:
D:1:      roderic_octagonal_star, layout_rooms, serial_rivers,
          chequers_serial_rivers_room_b, chequers_serial_rivers_small_a,
          chequers_serial_rivers_small_3, chequers_serial_rivers_large_a,
          wad_floor_pattern_1, dreamdust_mushroom_princess, minmay_pentomino_v2
D:2:      layout_basic, minmay_crystal_room, roderic_serpentine_path,
          dreamdust_wishing_well, minmay_joined_circles,
          uniq_crazy_yiuf_cottage, uniq_robin
D:3:      layout_loops_ring
D:4:      lemuel_castle_with_subvaults [lemuel_castle_interior_carwin_1],
          layout_loops_ring, nicolae_wooded_promenade,
          minmay_misc_feat_diagonals, grunt_ministairs_11, grunt_decor_junction,
          dk_rats_in_the_wall
D:5:      layout_basic, minmay_temple_entry_slanted, hex_medium,
          kennysheep_big_empty_room
D:6:      cheibrodos_fertilizer, layout_rooms, nicolae_sif_muna_condensation,
          nicolae_ru_awakened_eye, uniq_blork_the_orc, uniq_duvessa,
          uniq_grinder
Temple:   nicolae_temple_no_exploring_needed

Skill      XL: |  1  2  3  4  5  6  7  8 |
---------------+-------------------------+-----
Evocations     | 4 5 6 7 |  7.1
Unarmed Combat | 2 4 6 |  6.3
Fighting       | 2 3 4 |  4.5
Dodging        | 3 4 5 |  5.1
Stealth        | |  1.3

Action                     |  1- 3 |  4- 6 |  7- 9 || total
---------------------------+-------+-------+-------++-------
  Melee: Unarmed           |    89 |    51 |   201 ||   341
         Constrict         |    30 |    13 |    59 ||   102
         Tentacles         |    23 |    12 |    65 ||   100
         Punch             |       |     1 |     7 ||     8
   Fire: Shortbow          |       |       |     1 ||     1
  Evoke: Wand              |     3 |    12 |    10 ||    25
    Use: Scroll            |       |     9 |     2 ||    11
         Potion            |       |     1 |     1 ||     2
   Stab: Sleeping          |     5 |     2 |     3 ||    10
         Confused          |       |     2 |     1 ||     3
         Betrayed ally     |       |       |     1 ||     1
 Armour: Skin              |     6 |     2 |     5 ||    13
  Dodge: Dodged            |    51 |    44 |   119 ||   214

Table legend: (Time is in decaauts)
 A = Elapsed time spent in this place.
 B = Non-inter-level travel time spent in this place.
 C = Inter-level travel time spent in this place.
 D = Time resting spent in this place.
 E = Time spent auto-exploring this place.
 F = Levels seen in this place.
 G = Mean time per level.
                   A        B        C        D        E       F      G
               +--------+--------+--------+--------+--------+-----+--------+
         Total |   3381 |   2799 |    582 |     45 |    127 |   7 |  483.0 |
       Dungeon |   3363 |   2788 |    575 |     45 |    127 |   6 |  560.5 |
        Temple |     18 |     11 |      7 |      0 |      0 |   1 |   18.0 |
               +--------+--------+--------+--------+--------+-----+--------+

Top non-repeatable levels by time:
     D:4: 1109 daAuts
     D:5: 627 daAuts
     D:2: 623 daAuts
     D:3: 534 daAuts
     D:1: 438 daAuts
     D:6: 29 daAuts
  Temple: 18 daAuts
